[ AOE2 MATCH · #506015686 ]
UnrankedBohemians vs Spanish
Player's team · LOSS
Rival team · WIN
[ REPLAY ANALYSIS · EXTRACTED FROM THE RECORDED GAME ]
Feudal
12:50
Castle
23:12
Imperial
32:29
| APM avg | 26.1 |
| APM peak | 61 |
| eAPM avg | 22.4 |
| Villagers / military | 166 / 147 |
Focus
⚔️ 24.7% · 🌾 75.3%
Spearman ×73 · Monk ×59 · Militia ×7 · Bombard Cannon ×5 · Scorpion ×2 · Battering Ram ×1
Feudal
12:10
Castle
21:19
Imperial
33:30
| APM avg | 29.0 |
| APM peak | 137 |
| eAPM avg | 24.6 |
| Villagers / military | 179 / 173 |
Focus
⚔️ 35.5% · 🌾 64.5%
Knight ×64 · Scout Cavalry ×50 · Hand Cannoneer ×35 · Petard ×18 · Mangonel ×3 · Trebuchet (Packed) ×3
Match map
Initial resources + every placement click. Lines = walls · curves = elevation contours. ◆ gold · ⬟ stone · ● berries · ✦ relic · ◌ wall gap
Your base· Open — opponent sealed themselves in
Sdts91's base· ✓ Closed at 21:19 · 126t walls · no gate
Smoothed initial terrain · ◌ = detected wall gap · hover for details
Inputs per minute
— Banana Latte - - Sdts91
Build order — Banana Latte
First 150 of 473 actions detected
| 0:01 | Create | Villager (Male) |
| 0:01 | Create | Villager (Male) ×3 |
| 0:02 | Build | House |
| 0:04 | Build | House |
| 1:33 | Create | Villager (Male) |
| 2:04 | Create | Villager (Male) |
| 2:20 | Create | Villager (Male) |
| 2:52 | Create | Villager (Male) |
| 3:14 | Create | Villager (Male) |
| 3:16 | Build | Barracks |
| 3:24 | Build | House |
| 3:37 | Create | Villager (Male) |
| 4:05 | Create | Villager (Male) |
| 4:32 | Create | Militia |
| 4:36 | Research | Loom |
| 4:54 | Create | Villager (Male) |
| 5:01 | Create | Villager (Male) |
| 5:15 | Create | Militia |
| 5:16 | Create | Militia |
| 5:21 | Build | House |
| 5:27 | Create | Villager (Male) |
| 5:55 | Create | Villager (Male) |
| 5:56 | Create | Militia |
| 6:15 | Create | Villager (Male) |
| 6:25 | Build | House |
| 6:50 | Create | Villager (Male) |
| 7:06 | Create | Villager (Male) |
| 7:09 | Build | Mill |
| 7:17 | Create | Villager (Male) |
| 7:43 | Create | Militia |
| 8:04 | Build | House |
| 8:06 | Create | Villager (Male) |
| 8:16 | Create | Militia |
| 8:31 | Create | Villager (Male) |
| 8:57 | Create | Villager (Male) |
| 9:03 | Create | Villager (Male) |
| 9:28 | Create | Militia |
| 9:39 | Create | Villager (Male) |
| 9:50 | Build | Lumber Camp |
| 9:53 | Create | Villager (Male) |
| 10:29 | Create | Villager (Male) |
| 10:40 | Research | Feudal Age |
| 11:23 | Create | Villager (Male) |
| 11:29 | Build | Mill |
| 11:59 | Build | House |
| 12:00 | Build | House |
| 12:02 | Build | House |
| 12:50 | Age | Feudal Age |
| 12:51 | Research | Double-Bit Axe |
| 13:06 | Build | Watch Tower |
| 13:12 | Create | Villager (Male) |
| 13:22 | Build | Mining Camp |
| 13:45 | Create | Villager (Male) |
| 13:45 | Create | Villager (Male) |
| 13:48 | Build | Blacksmith |
| 13:50 | Build | House |
| 14:09 | Build | Mining Camp |
| 14:12 | Build | Farm |
| 14:37 | Build | Lumber Camp |
| 14:38 | Create | Villager (Male) |
| 14:40 | Build | Farm |
| 14:57 | Research | Man-at-Arms (upgrade) |
| 15:01 | Create | Villager (Male) |
| 15:06 | Build | Farm |
| 15:17 | Create | Villager (Male) |
| 15:31 | Build | Farm |
| 15:49 | Build | Mill |
| 15:53 | Create | Villager (Male) |
| 15:55 | Build | Farm |
| 15:59 | Build | Farm |
| 16:00 | Build | Farm |
| 16:18 | Create | Villager (Male) |
| 16:40 | Build | Farm |
| 16:41 | Create | Villager (Male) |
| 16:48 | Build | Market |
| 16:56 | Build | Farm |
| 16:58 | Build | Farm |
| 16:59 | Build | Farm |
| 17:11 | Create | Villager (Male) |
| 17:12 | Create | Villager (Male) |
| 17:21 | Build | Farm |
| 17:27 | Build | Farm |
| 17:39 | Build | Farm |
| 17:44 | Research | Horse Collar |
| 18:00 | Create | Villager (Male) |
| 18:03 | Build | Farm |
| 18:25 | Create | Villager (Male) |
| 18:28 | Build | Farm |
| 18:50 | Create | Villager (Male) |
| 18:56 | Build | Farm |
| 19:10 | Create | Villager (Male) |
| 19:20 | Build | Farm |
| 19:37 | Create | Villager (Male) |
| 19:44 | Build | Farm |
| 20:00 | Build | House |
| 20:02 | Build | House |
| 20:03 | Build | House |
| 20:04 | Build | House |
| 20:05 | Build | House |
| 20:07 | Create | Villager (Male) |
| 20:09 | Build | Farm |
| 20:32 | Research | Castle Age |
| 20:34 | Build | Farm |
| 21:05 | Research | Fletching |
| 21:10 | Research | Forging |
| 21:22 | Build | Farm |
| 21:22 | Build | Farm |
| 21:22 | Build | Farm |
| 21:22 | Build | Farm |
| 21:22 | Build | Farm |
| 21:23 | Build | Farm |
| 21:23 | Build | Farm |
| 21:58 | Research | Scale Mail Armor |
| 23:12 | Age | Castle Age |
| 23:17 | Create | Villager (Male) |
| 23:17 | Create | Villager (Male) |
| 23:29 | Research | Bow Saw |
| 23:34 | Research | Long Swordsman (upgrade) |
| 23:53 | Research | Iron Casting |
| 23:56 | Create | Villager (Male) |
| 24:15 | Build | Siege Workshop |
| 24:21 | Build | Farm |
| 24:22 | Build | Mill |
| 24:24 | Create | Villager (Male) |
| 24:36 | Build | Farm |
| 24:55 | Create | Scorpion |
| 25:01 | Create | Villager (Male) |
| 25:01 | Create | Villager (Male) |
| 25:04 | Build | Farm |
| 25:14 | Build | Town Center |
| 25:20 | Create | Villager (Male) |
| 25:23 | Build | Town Center |
| 25:46 | Create | Scorpion |
| 25:56 | Create | Villager (Male) |
| 26:18 | Create | Villager (Male) |
| 26:19 | Create | Villager (Male) |
| 26:20 | Create | Villager (Male) |
| 26:20 | Create | Villager (Male) |
| 26:20 | Create | Villager (Male) |
| 26:36 | Create | Battering Ram |
| 26:57 | Create | Villager (Male) |
| 27:03 | Create | Villager (Male) |
| 27:03 | Create | Villager (Male) |
| 27:07 | Create | Villager (Male) |
| 27:07 | Create | Villager (Male) |
| 27:07 | Create | Villager (Male) |
| 27:08 | Create | Villager (Male) |
| 27:12 | Create | Villager (Male) |
| 27:40 | Create | Villager (Male) |
| 27:53 | Build | Town Center |
Build order — Sdts91
First 150 of 618 actions detected
| 0:06 | Build | House |
| 0:07 | Build | House |
| 0:08 | Build | House |
| 0:08 | Build | House |
| 0:11 | Research | Loom |
| 0:12 | Create | Villager (Male) |
| 0:12 | Create | Villager (Male) |
| 0:12 | Create | Villager (Male) |
| 0:13 | Create | Villager (Male) |
| 0:32 | Build | Palisade Wall |
| 1:21 | Build | Palisade Wall |
| 2:14 | Create | Villager (Male) |
| 2:23 | Build | Palisade Wall |
| 2:44 | Create | Villager (Male) |
| 3:11 | Create | Villager (Male) |
| 3:41 | Create | Villager (Male) |
| 4:00 | Create | Villager (Male) |
| 4:00 | Create | Villager (Male) |
| 4:15 | Create | Villager (Male) |
| 4:37 | Create | Villager (Male) |
| 4:50 | Build | Lumber Camp |
| 4:59 | Create | Villager (Male) |
| 5:24 | Create | Villager (Male) |
| 5:41 | Create | Villager (Male) |
| 6:29 | Create | Villager (Male) |
| 6:49 | Create | Villager (Male) |
| 7:10 | Create | Villager (Male) |
| 7:11 | Create | Villager (Male) |
| 7:11 | Create | Villager (Male) |
| 7:12 | Create | Villager (Male) |
| 7:19 | Build | Palisade Wall |
| 7:21 | Build | Palisade Wall |
| 7:24 | Build | Palisade Wall |
| 7:30 | Build | Palisade Wall |
| 7:31 | Build | Palisade Wall |
| 7:32 | Build | Palisade Wall |
| 7:53 | Build | Mill |
| 8:07 | Build | Palisade Wall |
| 8:09 | Build | Palisade Wall |
| 8:10 | Build | Palisade Wall |
| 8:12 | Build | Palisade Wall |
| 8:12 | Build | Palisade Wall |
| 8:41 | Build | Mill |
| 9:02 | Build | Palisade Wall |
| 9:03 | Build | Palisade Wall |
| 9:03 | Build | Palisade Wall |
| 9:04 | Build | Palisade Wall |
| 9:05 | Build | Palisade Wall |
| 9:05 | Build | Palisade Wall |
| 9:18 | Create | Villager (Male) |
| 9:29 | Build | Mill |
| 10:00 | Research | Feudal Age |
| 10:09 | Build | Palisade Wall |
| 10:20 | Build | House |
| 10:22 | Build | House |
| 10:58 | Build | Palisade Wall |
| 10:58 | Build | Palisade Wall |
| 10:59 | Build | Palisade Wall |
| 11:00 | Build | Palisade Wall |
| 11:02 | Build | Palisade Wall |
| 11:05 | Build | Palisade Wall |
| 11:25 | Build | Mining Camp |
| 11:55 | Build | House |
| 11:56 | Build | House |
| 12:10 | Age | Feudal Age |
| 12:11 | Research | Wheelbarrow |
| 12:11 | Research | Wheelbarrow |
| 12:12 | Research | Horse Collar |
| 12:19 | Build | Stone Wall |
| 12:24 | Build | Stone Wall |
| 12:32 | Research | Double-Bit Axe |
| 12:54 | Create | Villager (Male) |
| 12:55 | Create | Villager (Male) |
| 12:55 | Create | Villager (Male) |
| 12:56 | Create | Villager (Male) |
| 12:58 | Build | Farm |
| 12:59 | Build | Farm |
| 13:00 | Build | Farm |
| 13:02 | Build | Farm |
| 13:25 | Create | Villager (Male) |
| 13:25 | Create | Villager (Male) |
| 13:48 | Build | Farm |
| 14:28 | Build | Stone Wall |
| 14:37 | Create | Villager (Male) |
| 14:38 | Create | Villager (Male) |
| 14:40 | Build | Farm |
| 14:41 | Build | Farm |
| 14:44 | Build | Blacksmith |
| 15:02 | Build | Farm |
| 15:12 | Build | Stone Wall |
| 15:25 | Create | Villager (Male) |
| 15:26 | Create | Villager (Male) |
| 15:32 | Build | Farm |
| 15:33 | Build | Farm |
| 15:34 | Build | Farm |
| 15:38 | Build | Farm |
| 15:43 | Build | Farm |
| 16:02 | Build | Farm |
| 16:10 | Build | Farm |
| 16:36 | Build | Stone Wall |
| 16:44 | Build | Market |
| 16:58 | Build | Farm |
| 17:03 | Build | Farm |
| 17:35 | Build | Farm |
| 17:36 | Build | Farm |
| 18:06 | Build | House |
| 18:07 | Build | House |
| 18:39 | Research | Castle Age |
| 18:48 | Build | Stone Wall |
| 18:54 | Research | Stone Mining |
| 20:15 | Build | Stone Wall |
| 20:19 | Build | Stone Wall |
| 21:10 | Create | Villager (Male) |
| 21:10 | Create | Villager (Male) |
| 21:11 | Create | Villager (Male) |
| 21:11 | Create | Villager (Male) |
| 21:19 | Age | Castle Age |
| 21:21 | Build | Town Center |
| 21:25 | Build | Town Center |
| 21:30 | Build | Town Center |
| 21:50 | Research | Heavy Plow |
| 22:08 | Create | Villager (Male) |
| 22:09 | Create | Villager (Male) |
| 22:09 | Create | Villager (Male) |
| 22:12 | Create | Villager (Male) |
| 22:12 | Create | Villager (Male) |
| 22:12 | Create | Villager (Male) |
| 22:19 | Create | Villager (Male) |
| 22:19 | Create | Villager (Male) |
| 22:21 | Create | Villager (Male) |
| 22:21 | Create | Villager (Male) |
| 22:22 | Create | Villager (Male) |
| 22:23 | Research | Bow Saw |
| 22:37 | Create | Villager (Male) |
| 22:38 | Create | Villager (Male) |
| 22:38 | Create | Villager (Male) |
| 22:39 | Create | Villager (Male) |
| 22:48 | Build | Stone Wall |
| 22:52 | Create | Villager (Male) |
| 22:53 | Create | Villager (Male) |
| 22:53 | Create | Villager (Male) |
| 22:58 | Build | Farm |
| 22:59 | Build | Farm |
| 23:07 | Build | Farm |
| 23:08 | Build | Farm |
| 23:12 | Build | Farm |
| 23:15 | Create | Villager (Male) |
| 23:16 | Create | Villager (Male) |
| 23:20 | Create | Villager (Male) |
| 23:22 | Create | Villager (Male) |
Match timeline
| 0:32 | Sdts91 · wall_segment Palisade Wall x10 |
| 1:21 | Sdts91 · wall_segment Palisade Wall x10 |
| 2:23 | Sdts91 · wall_segment Palisade Wall x11 |
| 3:16 | Banana Latte · first_building Barracks |
| 7:19 | Sdts91 · wall_segment Palisade Wall x1 |
| 7:21 | Sdts91 · wall_segment Palisade Wall x1 |
| 7:24 | Sdts91 · wall_segment Palisade Wall x1 |
| 7:30 | Sdts91 · wall_segment Palisade Wall x1 |
| 7:31 | Sdts91 · wall_segment Palisade Wall x1 |
| 7:32 | Sdts91 · wall_segment Palisade Wall x1 |
| 8:07 | Sdts91 · wall_segment Palisade Wall x5 |
| 8:09 | Sdts91 · wall_segment Palisade Wall x5 |
| 8:10 | Sdts91 · wall_segment Palisade Wall x5 |
| 8:12 | Sdts91 · wall_segment Palisade Wall x1 |
| 8:12 | Sdts91 · wall_segment Palisade Wall x1 |
| 9:02 | Sdts91 · wall_segment Palisade Wall x1 |
| 9:03 | Sdts91 · wall_segment Palisade Wall x1 |
| 9:03 | Sdts91 · wall_segment Palisade Wall x1 |
| 9:04 | Sdts91 · wall_segment Palisade Wall x1 |
| 9:05 | Sdts91 · wall_segment Palisade Wall x1 |
| 9:05 | Sdts91 · wall_segment Palisade Wall x1 |
| 10:09 | Sdts91 · wall_segment Palisade Wall x1 |
| 10:58 | Sdts91 · wall_segment Palisade Wall x1 |
| 10:58 | Sdts91 · wall_segment Palisade Wall x1 |
| 10:59 | Sdts91 · wall_segment Palisade Wall x1 |
| 11:00 | Sdts91 · wall_segment Palisade Wall x1 |
| 11:02 | Sdts91 · wall_segment Palisade Wall x1 |
| 11:05 | Sdts91 · wall_segment Palisade Wall x1 |
| 12:10 | Sdts91 · age_up feudal |
| 12:19 | Sdts91 · wall_segment Stone Wall x9 |
| 12:24 | Sdts91 · wall_segment Stone Wall x8 |
| 12:50 | Banana Latte · age_up feudal |
| 14:28 | Sdts91 · wall_segment Stone Wall x10 |
| 15:12 | Sdts91 · wall_segment Stone Wall x13 |
| 16:36 | Sdts91 · wall_segment Stone Wall x13 |
| 17:50 | Sdts91 · first_market_sell 100 wood |
| 18:48 | Sdts91 · wall_segment Stone Wall x3 |
| 20:15 | Sdts91 · wall_segment Stone Wall x3 |
| 20:19 | Sdts91 · wall_segment Stone Wall x5 |
| 21:19 | Sdts91 · age_up castle |
| 22:48 | Sdts91 · wall_segment Stone Wall x13 |
| 23:12 | Banana Latte · age_up castle |
| 24:10 | Sdts91 · first_building Siege Workshop |
| 24:15 | Banana Latte · first_building Siege Workshop |
| 28:22 | Sdts91 · first_building Castle |
| 28:43 | Banana Latte · first_building Monastery |
| 29:07 | Banana Latte · first_market_buy 100 wood |
| 29:47 | Banana Latte · wall_segment Stone Wall x9 |
| 30:05 | Banana Latte · first_building Castle |
| 31:13 | Sdts91 · first_building Barracks |
| 32:29 | Banana Latte · age_up imperial |
| 32:39 | Sdts91 · first_building Stable |
| 33:30 | Sdts91 · age_up imperial |
| 39:12 | Banana Latte · wall_segment Stone Wall x6 |
| 39:15 | Banana Latte · wall_segment Stone Wall x8 |
| 39:43 | Banana Latte · wall_segment Stone Wall x12 |
| 40:38 | Banana Latte · wall_segment Stone Wall x14 |
| 40:43 | Banana Latte · wall_segment Stone Wall x6 |
| 41:34 | Sdts91 · first_building Archery Range |
| 43:22 | Banana Latte · wall_segment Stone Wall x9 |
| 43:24 | Banana Latte · wall_segment Stone Wall x10 |
| 44:49 | Banana Latte · wall_segment Stone Wall x9 |
| 48:40 | Banana Latte · wall_segment Stone Wall x5 |
| 49:33 | Banana Latte · resign |
[ AI ANALYSIS · 1 CREDIT ]
What really happened in this match?
Wolo.gg analyzes every decision: build order, eco, micro, common mistakes by bracket. Personalized analysis on WhatsApp or Discord in 30 seconds.
Civ guide
Bohemians
Perfil
Jugador #554857